Map: [ESL] Site Delta

Players

Cham - Winner!

  • Race: Zerg Zerg
  • League: Master
  • Spawn Location: 5:00

trigger

  • Race: Protoss Protoss
  • League: Grandmaster
  • Spawn Location: 11:00

Event: IEM Katowice 2024

VOD

Have the link to the VOD?

Description

Time

  • Played on: Dec. 10, 2023, 9:22 p.m.
  • Length: 11:37

All games in this series

Show
View Real Time Build Order
Export as new Build Order

Cham Zerg - Winner!

Build Orders: Hatch First 

Get SALT Encoding   

  12  0:00  Drone  
  13  0:13  Overlord  
  13  0:17  Drone  
  14  0:31  Drone x2  
  16  0:51  Hatchery  
  16  0:52  Drone  
  16  0:55  Drone  
  17  1:09  Spawning Pool  
  16  1:12  Drone  
  16  1:15  Extractor  
  16  1:17  Drone  
  17  1:21  Drone  
  18  1:30  Drone  
  19  1:41  Drone  
  20  1:50  Drone  
  21  2:01  Zergling x2  
  21  2:02  Queen x2  
  21  2:03  Zergling x2  
  27  2:12  Overlord  
  27  2:13  Drone  
  28  2:17  Metabolic Boost  
  28  2:35  Hatchery  
  27  2:40  Drone x2  
  29  2:46  Queen  
  29  2:49  Drone  
  29  2:50  Overlord  
  32  2:53  Zergling x2  
  32  2:57  Zergling x2  
  34  3:05  Queen  
  34  3:06  Overlord  
  34  3:12  Zergling x4  
  38  3:17  Drone x2  
  39  3:24  Drone x2  
  36  3:28  Drone x2  
  36  3:31  Zergling x2  
  36  3:33  Drone  
  40  3:36  Drone  
  40  3:39  Drone  
  42  3:48  Drone x3  
  42  3:52  Drone x2  
  42  3:55  Drone  
  48  3:59  Queen  
  50  4:04  Queen  
  50  4:06  Spore Crawler  
  50  4:08  Drone  
  50  4:14  Drone x2  
  50  4:19  Zergling x6  
  50  4:20  Zergling x2  
  50  4:22  Zergling x2  
  50  4:23  Overlord  
  50  4:24  Zergling x2  
  56  4:28  Drone  
  56  4:30  Spore Crawler  
  56  4:34  Spore Crawler  
  55  4:39  Drone x2  
  55  4:42  Drone x3  
  55  4:45  Drone  
  59  4:46  Drone  
  59  4:50  Drone x2  
  59  4:52  Drone x2  
  65  5:00  Drone x2  
  65  5:01  Overlord x2  
  65  5:05  Spore Crawler  
  65  5:06  Overlord  
  65  5:07  Drone  
  65  5:12  Overlord  
  65  5:13  Overlord  
  66  5:17  Lair  
  66  5:20  Zergling x8  
  66  5:21  Extractor  
  69  5:22  Zergling x2  
  69  5:24  Zergling x4  
  69  5:26  Zergling x2  
  69  5:27  Zergling x2  
  74  5:38  Roach Warren  
  74  5:40  Evolution Chamber  
  74  5:41  Zergling x10  
  77  5:45  Drone x2  
  77  5:46  Drone x4  
  77  5:49  Drone x2  
  84  5:57  Overlord  
  84  5:58  Overlord  
  84  5:59  Drone  
  82  6:07  Hatchery  
  81  6:11  Hatchery  
  81  6:14  Drone  
  81  6:15  Drone  
  81  6:16  Drone x2  
  84  6:19  Zerg Missile Weapons Level 1  
  84  6:22  Glial Reconstitution  
  84  6:25  Drone  
  84  6:26  Drone, Overlord  
  84  6:31  Overlord  
  84  6:33  Roach x2  
  84  6:34  Roach  
  84  6:35  Roach  
  84  6:38  Roach  
  94  6:44  Overlord  
  94  6:45  Roach  
  94  6:46  Roach x3  
  102  6:51  Roach x2  
  102  6:52  Overlord  
  102  6:53  Roach  
  107  6:58  Roach x3  
  107  7:01  Overlord  
  113  7:03  Overlord  
  113  7:04  Roach  
  115  7:09  Overlord  
  115  7:10  Roach  
  115  7:11  Overlord  
  116  7:18  Roach x2  
  116  7:19  Overlord  
  116  7:20  Zergling x6  
  116  7:22  Zergling x2  
  122  7:26  Roach x2  
  122  7:27  Zergling x2, Overlord  
  122  7:28  Zergling x4  
  129  7:31  Roach  
  129  7:33  Overlord  
  129  7:34  Zergling x2  
  129  7:36  Roach  
  134  7:38  Zergling x4  
  134  7:41  Zergling x10  
  134  7:44  Zergling x2  
  142  7:46  Zergling x4  
  142  7:51  Zergling x8  
  147  7:54  Zergling x2  
  147  7:55  Zergling x6  
  152  7:59  Zergling x2  
  152  8:03  Zergling x2  
  152  8:04  Zergling x6  
  149  8:06  Roach  
  149  8:09  Zergling x2, Roach x2  
  145  8:12  Roach  
  145  8:13  Zergling x4, Roach  
  145  8:17  Roach x2  
  145  8:19  Zergling x4, Roach x2  
  144  8:22  Zergling x4, Roach  
  144  8:23  Zergling x2  
  144  8:26  Roach  
  145  8:30  Zergling x2  
  145  8:33  Roach  
  140  8:34  Zergling x2  
  140  8:36  Roach  
  140  8:37  Zergling x2  
  143  8:42  Roach  
  143  8:43  Zergling x12  
  143  8:44  Zergling x2  
  143  8:47  Zergling x4  
  143  8:48  Zergling x8  
  158  8:52  Zergling x6  
  158  8:53  Zergling x6  
  164  8:56  Zergling x4  
  164  8:58  Zergling x2  
  164  9:01  Zergling x2  
  164  9:06  Zergling x2  
  164  9:07  Zergling x10  
  164  9:08  Zergling x2  
  162  9:10  Zergling x2  
  162  9:12  Zergling x2  
  162  9:15  Roach x3  
  168  9:19  Zergling x2  
  168  9:22  Roach  
  168  9:23  Zergling x2, Roach x4  
  172  9:25  Zergling x2, Roach  
  172  9:28  Roach  
  172  9:30  Zergling x2, Roach  
  161  9:41  Roach x2  
  161  9:42  Zergling x4  
  161  9:44  Roach  
  161  9:45  Zergling x8  
  164  9:46  Zergling x2  
  164  9:48  Zergling x4  
  164  9:52  Zergling x2, Roach  
  149  9:53  Zergling x2  
  149  9:57  Zergling x4, Roach  
  138  10:00  Zergling x8  
  138  10:01  Zergling x2  
  138  10:03  Roach x2  
  138  10:06  Zergling x2  
  145  10:08  Zergling x6  
  145  10:09  Zergling x2  
  145  10:13  Zergling x14  
  156  10:23  Zergling x2  
  156  10:24  Zergling x4  
  156  10:25  Zergling x8  
  156  10:26  Zergling x6  
  165  10:33  Roach x2  
  165  10:34  Zergling x8  
  165  10:35  Zergling x2  
  173  10:36  Zergling x2  
  173  10:41  Roach  
  173  10:48  Zergling x2, Roach x2  
  173  10:49  Zergling x2  
  163  10:50  Roach  
  163  10:53  Zergling x4, Roach  
  148  10:57  Zergling x2  
  148  10:58  Zergling x14  
  148  11:00  Zergling x2, Roach  
  148  11:01  Zergling x2  
  145  11:06  Zergling x2, Roach  
  145  11:07  Zergling x2  
  145  11:08  Zergling x6  
  145  11:12  Roach  
  145  11:13  Zergling x6, Roach  
  145  11:15  Zergling x4  
Show
View Real Time Build Order
Export as new Build Order

trigger Protoss 

Build Orders: 1 Gate Expand, Oracle Opening 

Get SALT Encoding   

  12  0:00  Probe  
  13  0:12  Probe  
  14  0:19  Pylon  
  14  0:24  Probe  
  15  0:37  Probe (Chrono Boost)  
  15  0:40  Gateway  
  16  0:47  Probe (Chrono Boost)  
  16  0:49  Assimilator  
  17  0:52  Probe (Chrono Boost)  
  18  1:04  Probe  
  19  1:16  Probe  
  20  1:26  Nexus  
  20  1:37  Cybernetics Core  
  20  1:40  Probe  
  20  1:45  Assimilator  
  21  1:52  Probe  
  22  1:55  Pylon  
  22  2:04  Probe  
  23  2:11  Adept (Chrono Boost)  
  25  2:16  Stargate  
  25  2:19  Probe  
  26  2:27  Warp Gate  
  26  2:31  Adept (Chrono Boost)  
  26  2:33  Probe (Chrono Boost)  
  29  2:37  Probe (Chrono Boost)  
  31  2:47  Probe (Chrono Boost)  
  31  2:48  Probe (Chrono Boost)  
  31  2:52  Probe (Chrono Boost)  
  31  2:53  Adept  
  31  2:55  Probe  
  35  3:00  Oracle (Chrono Boost)  
  38  3:06  Probe  
  38  3:07  Pylon  
  38  3:09  Probe  
  40  3:18  Probe  
  41  3:21  Probe  
  42  3:30  Oracle (Chrono Boost), Probe  
  42  3:31  Gateway  
  42  3:33  Probe  
  43  3:40  Gateway  
  43  3:42  Probe  
  43  3:45  Probe  
  45  3:54  Probe  
  46  3:58  Probe  
  46  4:02  Nexus  
  47  4:06  Probe  
  47  4:10  Probe  
  48  4:17  Adept  
  48  4:18  Probe  
  48  4:20  Nexus  
  48  4:22  Probe  
  52  4:30  Probe  
  53  4:32  Pylon  
  53  4:33  Pylon  
  53  4:34  Probe  
  53  4:43  Assimilator, Twilight Council, Probe  
  54  4:50  Oracle  
  54  4:51  Probe  
  58  4:54  Shield Battery  
  58  4:56  Adept x3  
  58  4:59  Probe  
  61  5:04  Forge  
  61  5:11  Probe  
  61  5:13  Blink (Chrono Boost)  
  63  5:14  Probe  
  63  5:17  Assimilator  
  63  5:23  Probe (Chrono Boost)  
  63  5:26  Probe (Chrono Boost)  
  65  5:31  Protoss Ground Weapons Level 1 (Chrono Boost)  
  65  5:34  Probe (Chrono Boost)  
  65  5:35  Probe (Chrono Boost)  
  68  5:36  Probe (Chrono Boost)  
  68  5:39  Probe (Chrono Boost)  
  70  5:43  Probe (Chrono Boost)  
  70  5:44  Probe (Chrono Boost)  
  70  5:46  Stalker x2  
  70  5:48  Stalker  
  77  5:55  Probe (Chrono Boost)  
  77  5:56  Probe (Chrono Boost)  
  80  5:57  Probe (Chrono Boost)  
  80  5:58  Pylon  
  80  6:00  Probe (Chrono Boost)  
  80  6:02  Probe  
  82  6:09  Assimilator  
  82  6:11  Stalker  
  84  6:17  Stalker x2  
  84  6:18  Robotics Facility, Pylon  
  88  6:19  Probe x2  
  88  6:21  Pylon  
  88  6:22  Gateway  
  88  6:23  Probe  
  91  6:31  Probe x2  
  91  6:34  Assimilator  
  91  6:35  Probe  
  92  6:40  Templar Archives  
  92  6:43  Photon Cannon, Probe x2  
  92  6:46  Photon Cannon  
  95  6:48  Pylon  
  95  6:49  Shield Battery  
  95  6:52  Zealot  
  97  6:56  Stalker  
  97  6:58  Stalker  
  100  7:05  Gateway  
  100  7:07  Gateway  
  100  7:10  Gateway  
  100  7:12  Observer (Chrono Boost)  
  100  7:14  Stalker  
  103  7:17  Stalker  
  105  7:23  Protoss Ground Weapons Level 2, Charge  
  105  7:38  Zealot x3  
  111  7:48  Stalker  
  111  7:50  Shield Battery  
  113  7:53  Photon Cannon  
  113  7:54  Photon Cannon x2  
  109  7:59  Stalker x3  
  109  8:05  Gateway x2  
  109  8:06  Stalker x3  
  101  8:13  Stalker  
  96  8:22  Stalker  
  96  8:23  Stalker x2  
  96  8:25  Shield Battery  
  100  8:29  Stalker x2  
  100  8:30  Stalker  
  104  8:35  Psionic Storm  
  104  8:42  High Templar  
  104  8:45  High Templar  
  104  8:46  High Templar  
  110  8:50  Nexus  
  110  8:55  Pylon  
  110  8:58  Stalker x3  
  113  9:17  Zealot x2  
  113  9:22  Stalker x5  
  115  9:29  Zealot x2  
  115  9:30  Archon  
  103  9:39  Stalker x2  
  103  9:45  Stalker x5  
  98  9:53  Zealot x2  
  90  10:02  Stalker x2  
  90  10:04  Probe x3  
  97  10:08  High Templar x3, Photon Cannon  
  97  10:09  Photon Cannon  
  97  10:11  Zealot x2  
  107  10:17  Zealot x2  
  111  10:25  Probe x2  
  111  10:31  Zealot x3  
  113  10:37  Pylon  
  113  10:41  Pylon  
  111  10:45  Archon  
  111  10:47  Zealot  
  111  10:48  Zealot x3  
  102  10:53  Zealot  
  102  10:56  Zealot x2  
  94  11:07  High Templar x3  
  93  11:11  Stalker x2  
  93  11:17  Archon  
  79  11:18  Zealot  
  79  11:19  Zealot x3  
  61  11:35  Zealot x2  

Tags
 
Add a new tag
Caveats
  • Supply blocks, unpowered buildings, or Contaminate may cause inaccurate times.
  • Supply counts are checked every 10 seconds.